 Dungeon Crawl Stone Soup version 0.31-a0-217-g58bb5d79cf (webtiles) character file.

Game seed: 6545930783444735800

2756421 holysushi the Ninja (level 27, 80/217 HPs)
             Began as a Formicid Fighter on July 2, 2023.
             Was an Initiate of Gozag.
             Escaped with the Orb
             ... and 5 runes on July 3, 2023!
             The game lasted 02:57:35 (87084 turns).

holysushi the Ninja (Formicid Fighter)             Turns: 87084, Time: 02:57:35

Health: 80/217     AC: 44    Str: 29    XL:     27
Magic:  32/32      EV: 41    Int:  6    God:    Gozag
Gold:   396        SH: 43    Dex: 36    Spells: 26/26 levels left

rFire   + + +        a - +5 glaive of the Guard {elec, spectral, AC+5}
rCold   + + .        T - +7 tower shield {AC+3}
rNeg    + . .        z - +4 pearl dragon scales
rPois   .            (helmet unavailable)
rElec   .            w - +4 dragonskin cloak
rCorr   +            U - +0 pair of gloves
SInv    +            d - +2 pair of boots "Xusueduf" {Str+3 Dex+2 SInv}
Will    ++...        k - amulet of Baqel {Reflect rF+ rC+ rCorr SH+5}
Stlth   +++          I - ring of the Harvest {MP+9 AC+4 Int-2 Dex+8}
HPRegen 0.56/turn    q - ring "Coveq" {rF++ rC+}
MPRegen 0.23/turn

%: reflection
@: studying 2 skills
A: permanent stasis, dig shafts and tunnels, antennae 3, four strong arms, agile
1, strong 1
0: Orb of Zot
}: 5/15 runes: serpentine, barnacled, slimy, silver, abyssal
a: Dig, Shaft Self, Renounce Religion, Potion Petition, Call Merchant, Bribe
Branch


You escaped.
You worshipped Gozag.
Gozag was aware of your devotion.
You visited 12 branches of the dungeon, and saw 56 of its levels.
You visited the Abyss 3 times.
You also visited: Sewer, Ossuary, Bailey, Ice Cave and Desolation.

You collected 33894 gold pieces.
You spent 9842 gold pieces at shops.
You paid 23656 gold pieces to Gozag.

Inventory:

Hand Weapons
 a - the +5 glaive of the Guard (weapon) {elec, spectral, AC+5}
   (You took it off a deep elf zephyrmancer on level 1 of the Elven Halls)

   AC:        It affects your AC (+5).
 b - the +6 arbalest "Damnation" {damnation}
   (You found it on level 3 of the Elven Halls)
 B - a +1 bardiche of holy wrath
 R - a +9 bardiche
Missiles
 x - 5 throwing nets
Armour
 d - the +2 pair of boots "Xusueduf" (worn) {Str+3 Dex+2 SInv}
   (You found it on level 3 of the Realm of Zot)

   Str:       It affects your strength (+3).
   Dex:       It affects your dexterity (+2).
   SInv:      It lets you see invisible.
 p - a +0 cloak of poison resistance
 s - the +4 Cigotuvi's embrace {Corpsefed rMiasma Drain rN+}
   (You bought it in a shop on level 3 of the Depths)

   Corpsefed: It gathers nearby corpses to temporarily increase the armour it
   provides.
   rMiasma:   It protects you from foul pestilence.
   rN:        It protects you from negative energy.
   Drain:     It drains your maximum health when unequipped.
 w - the +4 dragonskin cloak (worn)
   (You took it off Tiamat on level 4 of the Realm of Zot)

   Avatar's Aegis: It grants the wearer a chance to resist fire, cold, poison,
   electricity, acid, and negative energy.
 z - +4 pearl dragon scales (worn)
 T - a +7 tower shield of protection (worn)
 U - a +0 pair of gloves (worn)
Jewellery
 g - the amulet of Miur {Faith Fragile rF+ Str+9}
   (You found it on level 3 of the Realm of Zot)

   [amulet of faith]

   It allows you to gain divine favour quickly.
   Str:       It affects your strength (+9).
   rF:        It protects you from fire.
   Fragile:   It will be destroyed if unequipped.
 k - the amulet of Baqel (around neck) {Reflect rF+ rC+ rCorr SH+5}
   (You bought it in a shop on level 1 of the Snake Pit)

   [amulet of reflection]

   It reflects blocked missile attacks.
   rF:        It protects you from fire.
   rC:        It protects you from cold.
   rCorr:     It protects you from acid and corrosion.
   SH:        It affects your SH (+5).
 m - the amulet of the Air {Inacc Air Fly rElec RMsl}
   (You took it off a deep elf high priest on level 3 of the Elven Halls)

   [amulet of nothing]

   Inacc:     It reduces the accuracy of your attacks and spells.
   Air:       It enhances your air magic.
   rElec:     It insulates you from electricity.
   Fly:       It grants you flight.
   RMsl:      It protects you from missiles.
 q - the ring "Coveq" (right hand) {rF++ rC+}
   (You bought it in a shop on level 15 of the Dungeon)

   [ring of protection from cold]

   rF:        It greatly protects you from fire.
   rC:        It protects you from cold.
 y - a ring of magical power
 A - the ring "Kogixkic" {rC+ rCorr Str+5 Int-2 Dex+5}
   (You found it in an ice cave)

   [ring of protection from cold]

   Str:       It affects your strength (+5).
   Int:       It affects your intelligence (-2).
   Dex:       It affects your dexterity (+5).
   rC:        It protects you from cold.
   rCorr:     It protects you from acid and corrosion.
 I - the ring of the Harvest (left hand) {MP+9 AC+4 Int-2 Dex+8}
   (You took it off a deep elf sorcerer on level 5 of the Vaults)

   [ring of protection]

   AC:        It affects your AC (+4).
   Int:       It affects your intelligence (-2).
   Dex:       It affects your dexterity (+8).
   MP:        It affects your magic capacity (+9).
 N - a ring of poison resistance
Wands
 v - a wand of roots (91)
 M - a wand of digging (19)
 S - a wand of acid (28)
Scrolls
 c - 6 scrolls of revelation
 f - 5 scrolls of immolation
 h - 7 scrolls of silence
 r - 4 scrolls of summoning
 C - 9 scrolls of fear
 F - 12 scrolls of fog
 H - 9 scrolls of vulnerability
Potions
 e - 12 potions of attraction
 i - 3 potions of cancellation
 j - 13 potions of brilliance
 l - 18 potions of curing
 n - 8 potions of ambrosia
 o - 7 potions of enlightenment
 t - 4 potions of heal wounds
 u - 5 potions of might
 D - 7 potions of magic
 J - 5 potions of mutation
 K - 3 potions of invisibility
 O - 9 potions of berserk rage
 Z - 3 potions of resistance
Miscellaneous
 G - a phial of floods
 P - a phantom mirror
 Q - a condenser vane
 W - a lightning rod (4/4)
 Y - a box of beasts


   Skills:
 - Level 18.0 Fighting
 - Level 24.0 Polearms
 - Level 18.0 Ranged Weapons
 + Level 15.3 Armour
 + Level 25.2 Dodging
 O Level 27 Stealth
 O Level 27 Shields
 - Level 10.0 Evocations


You had 26 spell levels left.
You didn't know any spells.
Your spell library contained the following spells:

 Spells                   Type           Power      Damage    Failure   Level
 Apportation              Tloc           0%         N/A       67%         1
 Beastly Appendage        Tmut           0%         N/A       67%         1
 Freeze                   Ice            0%         1d3       67%         1
 Kiss of Death            Conj/Necr      0%         2d5       67%         1
 Magic Dart               Conj           0%         1d3       67%         1
 Necrotise                Necr           0%         1d4       67%         1
 Shock                    Conj/Air       0%         1d3       67%         1
 Slow                     Hex            0%         N/A       67%         1
 Sting                    Tmut/Pois      0%         1d3       67%         1
 Call Imp                 Summ           0%         N/A       80%         2
 Cigotuvi's Dreadful Rot  Necr/Pois/Air  0%         N/A       80%         2
 Ensorcelled Hibernation  Hex/Ice        0%         N/A       80%         2
 Lesser Beckoning         Tloc           0%         N/A       80%         2
 Momentum Strike          Conj/Tloc      0%         3d8       80%         2
 Passwall                 Tmut/Erth      0%         N/A       80%         2
 Poisonous Vapours        Pois/Air       0%         N/A       80%         2
 Scorch                   Fire           0%         2d5       80%         2
 Static Discharge         Conj/Air       0%         2-2/arc   80%         2
 Sublimation of Blood     Necr           0%         N/A       80%         2
 Wereblood                Tmut           0%         N/A       80%         2
 Confusing Touch          Hex            0%         N/A       95%         3
 Dazzling Flash           Conj/Hex       0%         N/A       95%         3
 Frozen Ramparts          Ice            0%         1d1       95%         3
 Gell's Gravitas          Tloc           0%         N/A       95%         3
 Hailstorm                Conj/Ice       0%         3d3       95%         3
 Ignite Poison            Fire/Tmut/Pois 0%         N/A       95%         3
 Inner Flame              Hex/Fire       0%         N/A       95%         3
 Mephitic Cloud           Conj/Pois/Air  0%         N/A       95%         3
 Ozocubu's Armour         Ice            0%         N/A       95%         3
 Portal Projectile        Hex/Tloc       0%         N/A       95%         3
 Spider Form              Tmut/Pois      0%         N/A       95%         3
 Stone Arrow              Conj/Erth      0%         3d7       95%         3
 Teleport Other           Tloc           0%         N/A       95%         3
 Tukima's Dance           Hex            0%         N/A       95%         3
 Vampiric Draining        Necr           0%         2d6       95%         3
 Volatile Blastmotes      Fire/Tloc      0%         2d10      95%         3
 Airstrike                Air            0%         2d(0-16)  100%        4
 Anguish                  Hex/Necr       0%         N/A       100%        4
 Animate Armour           Summ/Erth      0%         N/A       100%        4
 Cause Fear               Hex            0%         N/A       100%        4
 Dispel Undead            Necr           0%         3d6       100%        4
 Flame Wave               Conj/Fire      0%         2d4       100%        4
 Fulminant Prism          Conj/Hex       0%         3d5       100%        4
 Ice Form                 Ice/Tmut       0%         N/A       100%        4
 Iskenderun's Mystic Bla  Conj/Tloc      0%         2d3       100%        4
 Leda's Liquefaction      Hex/Erth       0%         N/A       100%        4
 Manifold Assault         Tloc           0%         N/A       100%        4
 Passage of Golubria      Tloc           0%         N/A       100%        4
 Petrify                  Tmut/Erth      0%         N/A       100%        4
 Sticky Flame             Conj/Fire      0%         2d3       100%        4
 Summon Lightning Spire   Summ/Air       0%         N/A       100%        4
 Agony                    Necr           0%         N/A       100%        5
 Alistair's Intoxication  Tmut/Pois      0%         N/A       100%        5
 Arcjolt                  Conj/Air       0%         1d10      100%        5
 Blade Hands              Tmut           0%         N/A       100%        5
 Borgnjor's Vile Clutch   Necr/Erth      0%         N/A       100%        5
 Freezing Cloud           Conj/Ice/Air   0%         6-21      100%        5
 Irradiate                Conj/Tmut      0%         3d11      100%        5
 Iskenderun's Battlesphe  Conj           0%         2d6       100%        5
 Lee's Rapid Deconstruct  Erth           0%         3d4*      100%        5
 Metabolic Englaciation   Hex/Ice        0%         N/A       100%        5
 Silence                  Hex/Air        0%         N/A       100%        5
 Summon Forest            Summ/Tloc      0%         N/A       100%        5
 Summon Mana Viper        Hex/Summ       0%         N/A       100%        5
 Yara's Violent Unravell  Hex/Tmut       0%         3d3       100%        5
 Eringya's Noxious Bog    Tmut/Pois      0%         N/A       100%        6
 Leda's Unmaking          Conj/Erth      0%         9d1       100%        6
 Statue Form              Tmut/Erth      0%         N/A       100%        6
 Summon Cactus Giant      Summ           0%         N/A       100%        6
 Dragon Form              Tmut           0%         N/A       100%        7
 Enfeeble                 Hex            0%         N/A       100%        7
 Haunt                    Necr/Summ      0%         N/A       100%        7
 Malign Gateway           Summ/Tloc      0%         N/A       100%        7
 Orb of Destruction       Conj           0%         9d5       100%        7
 Storm Form               Tmut/Air       0%         N/A       100%        7
 Summon Hydra             Summ           0%         N/A       100%        7
 Borgnjor's Revivificati  Necr           0%         N/A       100%        8
 Ignition                 Fire           0%         3d3       100%        8
 Infestation              Necr           0%         N/A       100%        8
 Lehudib's Crystal Spear  Conj/Erth      0%         10d2      100%        8
 Maxwell's Capacitive Co  Air            0%         ∞         100%        8
 Necromutation            Tmut/Necr      0%         N/A       100%        8
 Summon Horrible Things   Summ           0%         N/A       100%        8
 Chain Lightning          Conj/Air       0%         N/A       100%        9
 Death's Door             Necr           0%         N/A       100%        9
 Dragon's Call            Summ           0%         N/A       100%        9
 Fire Storm               Conj/Fire      0%         5d1       100%        9
 Shatter                  Erth           0%         3d5*      100%        9
 Blink                    Tloc           Unusable   N/A       N/A         2
 Swiftness                Air            Unusable   N/A       N/A         3
 Vhi's Electric Charge    Tloc/Air       Unusable   N/A       N/A         3
 Animate Dead             Necr           Unusable   N/A       N/A         4
 Simulacrum               Ice/Necr       Unusable   N/A       N/A         6

Dungeon Overview and Level Annotations

Branches:
Dungeon (15/15)            Temple (1/1) D:6            Lair (5/5) D:10
 Shoals (4/4) Lair:2        Snake (4/4) Lair:3        Slime (5/5) Lair:5
    Orc (2/2) D:11            Elf (3/3) Orc:2        Vaults (5/5) D:14
  Crypt (3/3) Vaults:2       Tomb (0/3) Crypt:3      Depths (4/4) D:15
    Zot (5/5) Depths:4      Sewer (visited)         Ossuary (visited)
 Bailey (visited)           IceCv (visited)         Desolation (visited)

Altars:
Ashenzari
Cheibriados
Dithmenos
Elyvilon
Fedhas
Gozag
Hepliaklqana
Kikubaaqudgha
Makhleb
Nemelex Xobeh
Okawaru
Qazlal
Ru
Sif Muna
Trog
Uskayaw
Vehumet
Wu Jian
Xom
Yredelemnul
Zin
The Shining One
Jiyva

Shops:
D:6 [   D:8 *=*   D:10 =*   D:11 *   D:13 *   D:15 =   Orc:1 (   Orc:2 :!=(
Elf:1 *   Elf:2 [   Elf:3 ?   Shoals:1 !(   Snake:1 ==:   Snake:4 (
Vaults:1 (   Vaults:2 [   Vaults:3 ?   Vaults:4 =[   Depths:3 =*[

Portals:
Hell: Depths:1 Depths:2 Depths:3 Depths:4
Abyss: Depths:1 Depths:3
Pandemonium: Depths:1 Depths:2
Ziggurat: Depths:1

Annotations:
D:4 Edmund
D:9 exclusion: 3 doors
D:10 1 exclusion
Snake:1 3 runed translucent doors, Moral's ghost, journeyman TrBe
Depths:3 3 runed translucent doors, Drazool's ghost, veteran KoBr
Zot:5 2 transporters, logorrheac's ghost, legendary MiBe


Innate Abilities, Weirdness & Mutations

You cannot be hasted, slowed, berserked, paralysed or teleported.
You can dig through walls and to a lower floor.
You have a pair of large antennae on your head. (SInv)
Your four strong arms can wield two-handed weapons with a shield.
You are agile. (Dex +4, Str/Int -1)
Your muscles are strong. (Str +4, Int/Dex -1)


Message History

You strike the helpless green death from behind!
You slice the green death!!
You kill the green death!
Your +5 glaive of the Guard {elec, spectral, AC+5} disappears.
You are engulfed in poison gas.
You are more poisoned.
You feel extremely sick.
You are engulfed in poison gas.
You feel extremely sick.
You now have enough gold to buy a +4 ring of protection on Orc:2, or buy a +5 ring of evasion on Orc:2.
You can access your shopping list by pressing '$'.
You now have 396 gold pieces (gained 11).
You feel extremely sick.
You feel extremely sick.
You feel very sick.
You feel very sick.
You feel better.
A soul eater comes into view.
You block the soul eater's attack.
You open the soul eater like a pillowcase!!!
The soul eater is severely wounded.
Your +5 glaive of the Guard {elec, spectral, AC+5} hits the soul eater but does no damage.
You catch the helpless soul eater completely off-guard!
You chop the soul eater into pieces!!!
You kill the soul eater!
Your +5 glaive of the Guard {elec, spectral, AC+5} disappears.
Your life force feels restored.
A cacodemon, 2 orange demons and a sixfirhy come into view.
The cacodemon moves out of view.
The sixfirhy moves out of view.
You see here 5 gold pieces.
Aiming: Dig
Press: ? - help, Shift-Dir - straight line A rock wall.
This square is covered in magical glow.
The rock shatters into small pieces.
You hear a grinding noise.
You hear a grinding noise.
You hear a grinding noise.
There is a staircase leading out of the dungeon here.
You have escaped!

##### ######.@.######
###.............###
###.................########
#.+.................'.......
##.#.................#######.
#..###.............### ##
#)## ###.........### #.#
###.....#.# #.#
###.........###


There were no monsters in sight!

Vanquished Creatures
  the Royal Jelly (Slime:5)
  Dissolution (Slime:4)
  5 dread liches
  6 ancient liches
  2 orbs of fire (Zot:5)
  Khufu (Crypt:3)
  Tiamat (Zot:4)
  The ghost of Feng the Slayer, a veteran OgBe of Trog (Zot:3)
  The ghost of snackwell the Ruinous, a master DECj of Vehumet (Zot:3)
  Sojobo (Vaults:2)
  A royal mummy (Crypt:3)
  Vv (Depths:2)
  Josephina (Zot:3)
  4 Killer Klowns
  Margery (Vaults:2)
  3 curse toes
  Bai Suzhen (Depths:2)
  Vashnia (Snake:4)
  5 caustic shrikes (Depths:1)
  Jory (Vaults:2)
  3 bone dragons
  11 golden dragons
  2 doom hounds (Crypt:3)
  A pandemonium lord (Depths:1)
  A Brimstone Fiend (Zot:1)
  2 Tzitzimimeh
  2 electric golems
  A Hell Sentinel (Abyss:3)
  An Ice Fiend (Depths:4)
  A hellephant (D:9)
  15 tentacled monstrosities
  11 liches
  Asterion (Vaults:2)
  Grunn (Crypt:3)
  4 titans
  2 deep elf master archers (Elf:3)
  27 Orb Guardians
  2 walking divine tomes
  4 deep elf blademasters (Elf:3)
  7 tentacled starspawn (Abyss:3)
  8 quicksilver dragons
  8 death cobs
  5 sphinxes
  2 ancient champions
  A kraken (Shoals:2)
  Kirke (Lair:3)
  24 acid blobs
  6 tengu reavers
  13 storm dragons
  13 azure jellies
  8 shadow dragons
  4 draconian monks
  3 nagarajas
  14 rockslimes
  4 draconian knights
  A revenant (Crypt:1)
  Ilsuiw (Shoals:3)
  9 fire giants
  11 frost giants
  5 imperial myrmidons (Desolation)
  3 iron dragons
  3 ghost moths
  3 curse skulls
  2 draconian stormcallers
  15 ironbound preservers
  Aizul (Snake:3)
  6 deep elf sorcerers
  18 vault wardens
  5 draconian shifters
  2 orc warlords (Vaults:2)
  4 deep elf elementalists
  An angel (D:8)
  4 caustic shrike zombies (Crypt:3)
  4 ghouls (Crypt:2)
  10 ironbound thunderhulks
  6 war gargoyles
  4 draconian annihilators
  The ghost of rinse the Fighter, a journeyman DsMo of Kikubaaqudgha (Orc:1)
  14 stone giants
  2 juggernaut zombies (Crypt:3)
  16 quicksilver oozes
  9 reapers
  4 spriggan defenders
  7 formless jellyfish
  24 very ugly things
  A vampire knight (Crypt:2)
  10 deep elf annihilators (Elf:3)
  2 starflowers (Abyss:3)
  A halazid warlock (Desolation)
  5 deep elf demonologists
  12 yellow draconians
  6 green draconians
  11 black draconians
  10 white draconians
  6 spark wasps
  A dire elephant (Lair:5)
  7 purple draconians
  10 red draconians
  3 blizzard demons
  A mummy priest (Crypt:3)
  2 crystal guardians
  8 deep elf death magi
  8 merfolk impalers
  5 fire dragons
  4 merfolk javelineers
  18 ettins
  7 ragged hierophants (Desolation)
  A green death (D:1)
  11 jiangshi
  13 eidola
  A quicksilver dragon zombie (Crypt:3)
  5 great orbs of eyes
  6 servants of whispers (Desolation)
  6 deep elf high priests
  2 entropy weavers (Vaults:1)
  3 rakshasas
  14 ice dragons
  2 salamander tyrants
  3 catoblepae
  10 yaktaur captains
  4 spriggan air magi
  33 vault guards
  A hell beast (Depths:1)
  8 ironbound frosthearts
  4 ogre magi
  5 hydras
  12 peacekeepers
  3 spriggan skeletons
  Erica (Lair:1)
  5 alligator snapping turtles
  28 centaur warriors
  21 naga warriors
  13 two-headed ogres
  2 merfolk aquamancers (Shoals:4)
  9 anacondas
  5 tengu warriors
  27 dancing weapons
  4 deep troll shamans
  6 deep troll earth magi
  2 two-headed ogres (shapeshifter)
  6 boulder beetles
  A demonic crawler (Abyss:3)
  5 death yaks
  15 naga sharpshooters
  3 satyrs
  8 shock serpents
  An orc high priest (Orc:2)
  9 vampire magi
  5 thrashing horrors
  5 spectral storm dragons (Crypt:1)
  4 spriggan berserkers
  Urug (Lair:1)
  22 deep elf knights
  4 hell knights
  A titan skeleton (Crypt:2)
  8 soul eaters
  4 wretched stars
  Nergalle (Orc:2)
  7 salamander mystics
  4 sixfirhies
  11 iron trolls
  3 shadow wraiths
  17 skeletal warriors (Crypt:1)
  A skyshark (shapeshifter) (Depths:3)
  A goliath frog (shapeshifter) (Vaults:5)
  3 skysharks
  Lodul (D:10)
  10 naga ritualists
  13 large abominations
  12 sea snakes
  A sea snake (shapeshifter) (Elf:3)
  A flayed ghost (Crypt:2)
  2 anaconda zombies (Crypt:3)
  23 deep elf archers
  2 glowing orange brains (shapeshifter)
  6 glowing orange brains
  54 deep trolls
  12 wizards
  7 orc knights
  An orange crystal statue (Elf:3)
  A bunyip skeleton (Crypt:3)
  Pikel (D:5)
  An iron giant skeleton (Crypt:3)
  21 phantasmal warriors
  4 lindwurms
  A golden dragon skeleton (Depths:2)
  5 starcursed masses (Abyss:2)
  A lindwurm (shapeshifter) (Vaults:4)
  35 necromancers
  23 ironbound convokers
  2 anaconda skeletons
  29 deep elf pyromancers
  16 harpies
  13 mana vipers
  53 ugly things
  4 oklob plants (D:13)
  3 wolf spiders (Crypt:3)
  30 deep elf zephyrmancers
  A spectral ice dragon (Crypt:1)
  An iron dragon zombie (Crypt:3)
  A shining eye (Slime:4)
  9 orc sorcerers
  A shadow dragon skeleton (Crypt:3)
  21 salamanders
  A fire giant zombie (Depths:2)
  11 fauns
  A sphinx skeleton (Depths:2)
  6 cyclopes
  A spectral fire dragon (Crypt:1)
  A dire elephant zombie (Crypt:2)
  15 manticores
  23 naga magi
  29 moths of wrath
  A worldbinder (Abyss:3)
  An apocalypse crab (Abyss:2)
  40 black mambas
  9 merfolk sirens
  An eleionoma skeleton (Crypt:2)
  16 guardian serpents
  A water nymph (shapeshifter) (Vaults:5)
  3 gargoyles
  2 torpor snails
  An ice statue (IceCv)
  A moth of wrath (shapeshifter) (Vaults:5)
  2 elephants (Lair:5)
  4 water nymphs
  18 vault sentinels
  6 smoke demons
  A storm dragon simulacrum (Zot:3)
  3 eyes of devastation
  3 orange demons
  An alligator snapping turtle zombie (Crypt:1)
  3 unseen horrors
  A kobold demonologist (D:13)
  6 freezing wraiths
  13 yaktaurs
  A yaktaur (shapeshifter) (D:14)
  2 dire elephant skeletons (Crypt:3)
  2 hellions
  15 cane toads
  5 komodo dragons
  3 ancient zymes
  7 rime drakes
  3 harpy zombies
  A mana viper zombie (Crypt:1)
  A purple draconian skeleton (Crypt:2)
  2 tormentors
  A black draconian skeleton (Crypt:2)
  2 tengu conjurers (Depths:2)
  An unseen horror skeleton (Crypt:2)
  3 efreet
  A queen bee (D:13)
  7 wind drakes
  A wind drake (shapeshifter) (D:14)
  13 hellwings (Crypt:3)
  6 meliai
  3 polar bears
  18 trolls
  An ice dragon zombie (Crypt:2)
  4 hornets
  30 merfolk
  A hydra zombie (Crypt:1)
  30 blink frogs
  53 saltlings (Desolation)
  Prince Ribbit (D:6)
  Grinder (D:5)
  3 raiju (Abyss:2)
  2 harpy skeletons (Crypt:3)
  16 snapping turtles
  5 dream sheep
  A draconian simulacrum (Zot:3)
  6 jumping spiders
  2 centaur simulacra (D:15)
  3 spriggans (Depths:4)
  6 air elementals
  A satyr skeleton (Crypt:1)
  103 slime creatures
  4 water elementals
  3 wyverns
  A vampire (D:13)
  13 flying skulls (Crypt:1)
  2 fire bats
  21 yaks
  3 ynoxinuls
  6 basilisks
  8 wraiths
  A human (shapeshifter) (Depths:2)
  4 golden eyes (Abyss:2)
  5 chaos spawn (Abyss:3)
  2 fire elementals (Elf:1)
  3 humans (Bailey)
  An alligator snapping turtle simulacrum (Abyss:2)
  14 vampire mosquitoes
  4 neqoxecs
  A steam dragon (D:7)
  A red draconian simulacrum (Zot:3)
  3 redbacks
  A naga zombie (Crypt:3)
  3 wargs
  47 nagas
  2 acid dragons
  33 water moccasins
  3 floating eyes
  2 moth of wrath simulacra (Zot:3)
  18 orc warriors
  A floating eye (shapeshifter) (D:13)
  8 ice beasts
  2 two-headed ogre skeletons
  3 sky beasts
  2 boggarts
  12 wolves
  4 great orb of eyes simulacra (IceCv)
  27 ogres
  A tengu (Abyss:3)
  19 centaurs
  7 small abominations
  4 slime creature simulacra (IceCv)
  2 kobold brigands
  2 elf zombies (Elf:1)
  19 bullfrogs
  14 scorpions
  2 earth elementals (Elf:2)
  3 glowing shapeshifter simulacra (IceCv)
  An elf skeleton (Crypt:1)
  A water moccasin zombie (Crypt:1)
  4 wyvern skeletons (Crypt:3)
  40 killer bees
  2 howler monkeys (D:9)
  2 electric eels (Snake:2)
  4 human zombies
  3 centaur zombies
  9 orc priests
  3 hounds
  2 jellies
  3 sleepcaps
  4 iguanas
  A boggart zombie (D:15)
  41 orc wizards
  4 scorpion zombies (Ossuary)
  A sickly merfolk siren (Sewer)
  A malarious merfolk avatar (Sewer)
  A shapeshifter simulacrum (IceCv)
  An ice beast zombie (Crypt:2)
  8 mummies
  A gnoll (Bailey)
  24 adders
  A river rat (Sewer)
  3 shadow imps
  2 white imps
  4 ufetubi
  A worm zombie (Crypt:1)
  A worm (D:5)
  A dart slug (D:2)
  73 orcs
  11 ball pythons
  9 bats
  9 endoplasms
  3 giant cockroaches
  13 goblins
  7 hobgoblins
  8 quokkas
  7 frilled lizards
  A frilled lizard zombie (Crypt:1)
  2 gnoll zombies (Ossuary)
  A goblin skeleton (Crypt:2)
  3 hobgoblin zombies (Ossuary)
  12 kobolds
  A kobold zombie (Ossuary)
  An orc zombie (Ossuary)
  A quokka skeleton (Crypt:2)
  28 rats
  A spectral weapon (Elf:1)
  4 starspawn tentacles (Abyss:3)
  2 tentacles (Shoals:2)
2731 creatures vanquished.

Vanquished Creatures (collateral kills)
  A dread lich (Zot:5)
  A Killer Klown (Zot:5)
  An Orb Guardian (Zot:5)
  2 krakens
  Frances (Shoals:2)
  A quicksilver ooze (Slime:5)
  A merfolk javelineer (Shoals:4)
  A merfolk impaler (Shoals:4)
  A vault guard (Bailey)
  A merfolk aquamancer (Shoals:4)
  A shadow demon (Depths:1)
  A scorpion (D:4)
  5 tentacles
18 creatures vanquished.

Vanquished Creatures (others)
  5 Killer Klowns (Zot:5)
  A pandemonium lord (D:2)
  An electric golem (Zot:5)
  6 Orb Guardians (Zot:5)
  A death cob (Zot:5)
  A shadow dragon (Zot:3)
  A rockslime (Slime:5)
  A cacodemon (Zot:5)
  A deep elf knight (Elf:2)
  3 deep elf pyromancers
  A deep elf zephyrmancer (Elf:3)
  A manticore (Shoals:4)
  2 moths of wrath (Zot:5)
  A komodo dragon (Lair:3)
  A red devil (D:2)
  A snapping turtle (Shoals:3)
  A wraith (D:12)
  2 fire bats (Abyss:3)
  4 humans (Lair:3)
  2 chaos spawn
  2 nagas
  3 bullfrogs (Lair:3)
  A killer bee (D:13)
  An orc wizard (Orc:1)
  An orc (Orc:1)
  A lurking horror (Abyss:3)
  108 spectral weapons
  12 starspawn tentacles (Abyss:3)
  28 tentacles
194 creatures vanquished.

Grand Total: 2943 creatures vanquished

Notes
Turn   | Place    | Note
-------+----------+-------------------------------------------
     0 | D:1      | holysushi the Formicid Fighter began the quest for the Orb.
     0 | D:1      | Reached XP level 1. HP: 18/18 MP: 1/1
   144 | D:1      | Reached XP level 2. HP: 24/24 MP: 2/2
   521 | D:1      | Reached XP level 3. HP: 29/29 MP: 3/3
  1275 | D:2      | Found a stormy altar of Qazlal.
  1572 | D:3      | Reached XP level 4. HP: 28/35 MP: 4/4
  1633 | D:3      | Found a hazy altar of Hepliaklqana.
  1799 | D:3      | Found an ornate altar of the Wu Jian Council.
  1834 | D:3      | Found a glowing drain.
  1839 | Sewer    | Entered a sewer
  1963 | Sewer    | Reached skill level 1 in Dodging
  1963 | Sewer    | Reached XP level 5. HP: 27/41 MP: 5/5
  2063 | Sewer    | Reached skill level 5 in Polearms
  3020 | D:4      | Found a sand-covered staircase.
  3036 | Ossuary  | Entered an ossuary
  3059 | Ossuary  | Reached XP level 6. HP: 26/47 MP: 6/6
  3134 | Ossuary  | Reached XP level 7. HP: 50/52 MP: 7/7
  3281 | Ossuary  | Reached XP level 8. HP: 50/58 MP: 8/8
  3666 | D:4      | Noticed Edmund
  3742 | D:4      | Found a radiant altar of Vehumet.
  3912 | D:5      | Entered Level 5 of the Dungeon
  3919 | D:5      | Reached skill level 10 in Polearms
  4042 | D:5      | Noticed Pikel
  4081 | D:5      | Reached XP level 9. HP: 56/64 MP: 9/9
  4109 | D:5      | Killed Pikel
  4332 | D:5      | Noticed Grinder
  4347 | D:5      | Killed Grinder
  4795 | D:6      | Found Sarasvati's Dragon-Slaying Spoils.
  4994 | D:6      | Found the +2 hat of the Bear Spirit {Spirit, Bear, *Rage
                  | Will++}
  5124 | D:6      | Found a shimmering altar of Xom.
  5176 | D:6      | Reached XP level 10. HP: 24/70 MP: 10/10
  5220 | D:6      | Found a staircase to the Ecumenical Temple.
  5299 | Temple   | Entered the Ecumenical Temple
  5318 | Temple   | Became a worshipper of Gozag Ym Sagoz the Greedy
  5393 | D:7      | Noticed Prince Ribbit
  5422 | D:6      | Killed Prince Ribbit
  5482 | D:7      | Found a glowing silver altar of Zin.
  5500 | D:7      | Found a stormy altar of Qazlal.
  5625 | D:7      | Found a broken altar of Ashenzari.
  5817 | D:7      | Found a glowing golden altar of the Shining One.
  6321 | D:8      | Found an iron altar of Okawaru.
  6413 | D:8      | Found Zuineimo's Jewellery Shop.
  6468 | D:8      | Found Vuixidir's Demolitions Depot.
  6502 | D:8      | Found a basalt altar of Yredelemnul.
  6504 | D:8      | Found a blossoming altar of Fedhas.
  6504 | D:8      | Found an ancient bone altar of Kikubaaqudgha.
  6505 | D:8      | Found a sparkling altar of Nemelex Xobeh.
  6559 | D:8      | Found a sacrificial altar of Ru.
  6559 | D:8      | Found a shimmering blue altar of Sif Muna.
  6683 | D:8      | Found Tulotaeh's Overcharged Wands.
  7081 | D:8      | Bought a +5 ring of evasion for 432 gold pieces
  7127 | D:9      | Noticed a komodo dragon
  7329 | D:9      | Reached skill level 1 in Stealth
  7486 | D:9      | Reached skill level 1 in Evocations
  8124 | D:9      | Reached XP level 11. HP: 75/75 MP: 11/11
  8379 | D:10     | Entered Level 10 of the Dungeon
  8379 | D:10     | Noticed a deep elf pyromancer
  8411 | D:10     | Noticed a two-headed ogre
  8501 | D:10     | Noticed a two-headed ogre
  8584 | D:10     | Killed a two-headed ogre
  8585 | D:10     | Reached skill level 5 in Armour
  8590 | D:10     | Reached skill level 5 in Stealth
  8612 | D:10     | Killed a two-headed ogre
  8613 | D:10     | Reached skill level 5 in Dodging
  8647 | D:10     | Noticed Lodul
  8709 | D:10     | Killed Lodul
  8756 | D:10     | Found a flagged portal.
  8787 | Bailey   | Entered a bailey
  9089 | Bailey   | Noticed a vault guard
  9092 | Bailey   | Noticed a vault guard
  9121 | Bailey   | Killed a vault guard
  9436 | D:10     | Found a staircase to the Lair.
  9480 | D:10     | Reached XP level 12. HP: 73/81 MP: 12/12
 10104 | D:11     | Found a staircase to the Orcish Mines.
 10119 | D:11     | Noticed a two-headed ogre
 10173 | D:10     | Killed a two-headed ogre
 10429 | D:11     | Reached skill level 10 in Dodging
 10602 | D:11     | Noticed a centaur warrior
 10634 | D:11     | Killed a centaur warrior
 10826 | D:11     | Noticed a boulder beetle
 10933 | Lair:1   | Entered Level 1 of the Lair of Beasts
 11207 | Lair:1   | Noticed Erica
 11229 | Lair:1   | Killed Erica
 11546 | Lair:1   | Noticed Urug
 11648 | Lair:1   | Reached skill level 10 in Armour
 11682 | Lair:1   | Reached XP level 13. HP: 54/87 MP: 13/13
 11916 | Lair:2   | Found a staircase to the Shoals.
 12115 | Lair:2   | Reached skill level 5 in Shields
 12222 | Lair:2   | Found an iron altar of Okawaru.
 13025 | Lair:2   | Noticed a seven-headed hydra
 13217 | Lair:3   | Reached skill level 15 in Polearms
 13274 | Lair:3   | Reached skill level 5 in Fighting
 13365 | Lair:3   | Reached skill level 5 in Evocations
 13388 | Lair:3   | Noticed Kirke
 13420 | Lair:3   | Killed Kirke
 13777 | Lair:3   | Found a staircase to the Snake Pit.
 14412 | D:6      | Bought +0 pearl dragon scales for 1000 gold pieces
 14628 | Lair:1   | Killed Urug
 15018 | Lair:1   | Reached XP level 14. HP: 86/100 MP: 14/14
 15689 | Lair:3   | Identified the +5 chain mail of Polish {Harm Str+3}
 16532 | Orc:1    | Entered Level 1 of the Orcish Mines
 16670 | Orc:1    | Found a runed translucent gate.
 16670 | Orc:1    | Found a runed translucent gate.
 16670 | Orc:1    | Found a runed translucent gate.
 16674 | Orc:1    | Noticed rinse's ghost (journeyman DsMo)
 16869 | Orc:1    | Reached skill level 10 in Shields
 16930 | Orc:1    | Found Hecirin's Weapon Shoppe.
 17144 | Orc:1    | Found an iron altar of Okawaru.
 17177 | Orc:2    | Entered Level 2 of the Orcish Mines
 17713 | Orc:2    | Found a staircase to the Elven Halls.
 17880 | Orc:2    | Found Tady's Jewellery Emporium.
 17918 | Orc:2    | Found a radiant altar of Vehumet.
 17947 | Orc:2    | Found Kisaff's Distillery.
 17956 | Orc:2    | Noticed Nergalle
 18198 | Orc:2    | Found Ciacraku's Book Shoppe.
 18222 | Orc:2    | Killed Nergalle
 18323 | Orc:2    | Bought a manual of Dodging for 1280 gold pieces
 18342 | Orc:2    | Found an ancient bone altar of Kikubaaqudgha.
 18381 | Orc:2    | Found Yweystro's Antique Weapon Shoppe.
 19096 | Lair:4   | Identified the +3 arbalest "Vesh" {heavy, Str+3}
 19409 | Lair:5   | Entered Level 5 of the Lair of Beasts
 19885 | Lair:5   | Found a viscous altar of Jiyva.
 19885 | Lair:5   | Found a staircase to the Slime Pits.
 19936 | Lair:5   | Reached XP level 15. HP: 107/113 MP: 15/15
 19969 | Lair:5   | Identified the +0 robe of Least Resistance {+Inv rPois rN+
                  | Will+}
 20635 | Lair:5   | Reached skill level 10 in Fighting
 20846 | D:10     | Bought a phantom mirror for 480 gold pieces
 20846 | D:10     | Bought a wand of roots (7) for 201 gold pieces
 20918 | D:8      | Bought a condenser vane for 440 gold pieces
 21212 | Lair:5   | Identified the +7 sling "Kucsubb" {flame, Str+3}
 21699 | Snake:1  | Entered Level 1 of the Snake Pit
 22490 | Snake:1  | Found a runed translucent gate.
 22490 | Snake:1  | Found a runed translucent gate.
 22490 | Snake:1  | Found a runed translucent gate.
 22491 | Snake:1  | Noticed Moral's ghost (journeyman TrBe)
 23165 | Snake:1  | Found Lainti Sico's Book Emporium.
 23165 | Snake:1  | Found Temitzun's Jewellery Shop.
 23166 | Snake:1  | Found Loniddal's Jewellery Shop.
 23390 | Snake:1  | Bought the amulet of Baqel {Reflect rF+ rC+ rCorr SH+5} for
                  | 679 gold pieces
 23974 | Snake:2  | Reached XP level 16. HP: 44/122 MP: 16/16
 25415 | Snake:1  | Bought a manual of Shields for 880 gold pieces
 26313 | Snake:3  | Reached skill level 15 in Dodging
 26630 | Snake:3  | Got Sif Muna's Codex of Maleficia and Blasts
 27510 | Snake:3  | Reached skill level 10 in Stealth
 27787 | Snake:3  | Reached skill level 15 in Shields
 27805 | Snake:3  | Reached XP level 17. HP: 24/125 MP: 1/17
 30095 | D:13     | Found a frozen archway.
 30112 | IceCv    | Entered an ice cave
 30328 | IceCv    | Identified the +0 pair of boots of Dishonour {Rampage rPois
                  | Will- Dex+2}
 30764 | IceCv    | Found a viscous altar of Jiyva.
 30822 | IceCv    | Got the ring "Kogixkic" {rC+ rCorr Str+5 Int-2 Dex+5}
 30827 | IceCv    | Got the ring of Ahyviloo {rF++ rC+ Will- Str+2}
 30959 | D:13     | Found Sutyzaxi's General Store.
 31133 | D:13     | Noticed a sphinx
 31261 | D:13     | Killed a sphinx
 32388 | D:14     | Reached XP level 18. HP: 127/134 MP: 18/18
 32812 | D:14     | Found a gate to the Vaults.
 33149 | D:15     | Entered Level 15 of the Dungeon
 33265 | D:15     | Found a radiant altar of Vehumet.
 33544 | D:15     | Found a staircase to the Depths.
 34337 | D:15     | Bought the ring "Coveq" {rF++ rC+} for 891 gold pieces
 34515 | Shoals:1 | Entered Level 1 of the Shoals
 34666 | Shoals:1 | Reached skill level 10 in Evocations
 34807 | Shoals:1 | Identified the +8 hand axe "Paqios" {vamp, *Corrode rPois
                  | Int+5 SInv}
 35401 | Shoals:2 | Noticed a kraken
 35410 | Shoals:2 | Killed a kraken
 36117 | Shoals:2 | Noticed Frances
 36134 | Shoals:2 | Killed Frances
 36402 | Shoals:2 | Noticed a kraken
 36467 | Shoals:2 | Killed a kraken
 36721 | Shoals:3 | Noticed Ilsuiw
 37475 | Shoals:3 | Killed Ilsuiw
 37715 | Shoals:3 | Identified the +3 spear of Twilight {heavy, rPois}
 38056 | Shoals:3 | Reached XP level 19. HP: 132/147 MP: 19/19
 38552 | Shoals:4 | Entered Level 4 of the Shoals
 38664 | Shoals:4 | Got Ukomag's Verses on the Undead
 38721 | Shoals:4 | Reached skill level 15 in Stealth
 38745 | Shoals:4 | Got a barnacled rune of Zot
 39911 | Shoals:4 | Got the Quarto of Charms and Alteration
 40187 | Shoals:4 | Identified the +5 ring mail of the Mantidfly {rElec Dex+3}
 40290 | Shoals:4 | Reached skill level 15 in Fighting
 40663 | Snake:4  | Entered Level 4 of the Snake Pit
 40940 | Snake:4  | Noticed Aizul
 41220 | Snake:3  | Killed Aizul
 42840 | Snake:4  | Bought a glowing glaive for 190 gold pieces
 43298 | Snake:4  | Reached XP level 20. HP: 147/164 MP: 20/20
 44093 | Snake:4  | Noticed Vashnia
 44513 | Snake:4  | Killed Vashnia
 44665 | Snake:4  | Got a serpentine rune of Zot
 45045 | Shoals:1 | Bought a +1 triple crossbow of flaming for 300 gold pieces
 45050 | Shoals:1 | Identified a scroll of acquirement
 45051 | Shoals:1 | Acquired 1159 gold pieces
 45055 | Shoals:1 | Bought 2 potions of invisibility for 336 gold pieces
 45055 | Shoals:1 | Bought a potion of might for 84 gold pieces
 45055 | Shoals:1 | Bought a potion of curing for 63 gold pieces
 45055 | Shoals:1 | Bought a potion of curing for 63 gold pieces
 45055 | Shoals:1 | Bought 2 potions of curing for 126 gold pieces
 45185 | Elf:1    | Entered Level 1 of the Elven Halls
 45345 | Elf:1    | Got the Disquisition on Unholy Words
 45387 | Elf:1    | Found Waggiohy's General Store.
 45405 | Elf:1    | Bought a +0 bardiche for 126 gold pieces
 46444 | Elf:1    | Identified the +1 short sword of Vaih {flame, +Blink rElec
                  | Int-5 Dex+3}
 46520 | Elf:2    | Found Mistam's Antique Armour Shoppe.
 46573 | Elf:2    | Bought a pair of embroidered boots for 277 gold pieces
 46653 | Elf:2    | Found a runed translucent gate.
 46653 | Elf:2    | Found a runed translucent gate.
 46654 | Elf:2    | Found a runed translucent gate.
 47111 | Elf:2    | Reached XP level 21. HP: 119/175 MP: 21/21
 47863 | Elf:3    | Entered Level 3 of the Elven Halls
 48134 | Elf:3    | Found a huge runed translucent gate.
 48134 | Elf:3    | Found a huge runed translucent gate.
 48134 | Elf:3    | Found a huge runed translucent gate.
 48135 | Elf:3    | Found a huge runed translucent gate.
 48135 | Elf:3    | Found a huge runed translucent gate.
 48135 | Elf:3    | Found a huge runed translucent gate.
 48136 | Elf:3    | Found a huge runed translucent gate.
 48136 | Elf:3    | Found a huge runed translucent gate.
 48606 | Abyss:2  | Cast into level 2 of the Abyss (a deep elf sorcerer)
 48681 | Abyss:2  | Noticed an ancient lich
 48685 | Abyss:2  | Killed an ancient lich
 48847 | Elf:3    | Escaped the Abyss
 49081 | Elf:3    | Noticed a Brimstone Fiend
 49175 | Elf:3    | Identified the +5 trident of the Kissing Goat {heavy,
                  | Str+2}
 49219 | Elf:3    | Identified the +9 flail of Res Ipsa Loquitur {spect, Str+3}
 49227 | Elf:3    | Reached XP level 22. HP: 170/184 MP: 22/22
 49356 | Elf:3    | Identified the staff of Qazlal, Sheltering {rElec rF+ Fire}
 49357 | Elf:3    | Identified the +2 orcbow "Teogg" {flame, Will- Dex+5}
 49361 | Elf:3    | Identified the +4 mace "Suetum" {flame, *Slow rPois rCorr}
 49396 | Elf:3    | Found the +6 arbalest "Damnation" {damnation}
 49494 | Elf:3    | Identified the +1 double sword of Disorder {pain, Fly
                  | Dex+2}
 49545 | Elf:3    | Found Hevo's Magic Scroll Shoppe.
 49549 | Elf:3    | Bought a scroll of enchant weapon for 135 gold pieces
 49549 | Elf:3    | Bought a scroll of revelation for 135 gold pieces
 49825 | Elf:3    | Identified the +1 double sword "Nyopey" {venom, *Rage
                  | +Blink rN+ Str+3}
 50099 | Orc:1    | Killed rinse's ghost
 50125 | Orc:1    | Identified the +1 ring mail of the End {Int+5}
 50310 | Vaults:1 | Entered Level 1 of the Vaults
 50332 | Vaults:1 | Found a crumbling gateway.
 50347 | Desolati | Entered the Desolation of Salt
 51064 | Desolati | Reached skill level 1 in Ranged Weapons
 51351 | Desolati | Identified the ring of Midsummer {Contam rElec AC+4 Int+4
                  | SInv}
 51531 | Desolati | Got the Compendium of the Barrage
 51591 | Desolati | Got the Grimoire of the Traveller and the Mesa
 51638 | Desolati | Identified the +5 ring mail "Volleovu" {Harm rElec Str-5}
 51778 | Desolati | Identified the ring "Leiloikh" {rPois rF++ Will- Str+9
                  | Int-4 SInv}
 52070 | Desolati | Identified the ring "Waihes" {rC+ Dex+4}
 52074 | Desolati | Identified the ring of Miracles {rCorr Str+6}
 52128 | Desolati | Identified the +1 hand axe "Dragonslayer" {venom, Dex+2
                  | Stlth+}
 52300 | Vaults:1 | Reached skill level 5 in Ranged Weapons
 52370 | Vaults:1 | Found Beelur's Antique Weapon Shop.
 53190 | Vaults:1 | Reached XP level 23. HP: 190/190 MP: 23/23
 53756 | Vaults:2 | Found Seusit's Antique Armour Shop.
 53828 | Vaults:2 | Noticed Asterion
 53833 | Vaults:2 | Killed Asterion
 54052 | Vaults:2 | Found a staircase to the Crypt.
 54399 | Vaults:2 | Noticed Jory
 54407 | Vaults:2 | Killed Jory
 54655 | Vaults:2 | Noticed Margery
 54658 | Vaults:2 | Killed Margery
 54756 | Vaults:2 | Noticed Sojobo
 54776 | Vaults:2 | Killed Sojobo
 55787 | Vaults:3 | Reached XP level 24. HP: 197/197 MP: 23/23
 55880 | Vaults:3 | Found Kifeaw's Magic Scroll Emporium.
 55885 | Vaults:3 | Bought a scroll of revelation for 127 gold pieces
 55885 | Vaults:3 | Bought a scroll of revelation for 127 gold pieces
 57223 | Vaults:4 | Reached skill level 10 in Ranged Weapons
 57971 | Vaults:5 | Entered Level 5 of the Vaults
 58412 | Vaults:5 | Noticed a golden dragon
 58506 | Vaults:4 | Killed a golden dragon
 58731 | Vaults:5 | Identified the ring of the Harvest {MP+9 AC+4 Int-2 Dex+8}
 58928 | Vaults:5 | Identified the staff of Destiny {Will+ Conj Necro Earth}
 59137 | Vaults:5 | Reached XP level 25. HP: 174/204 MP: 23/23
 59164 | Vaults:5 | Identified the +0 ring mail of Ziati {rC+ rN+ rCorr}
 59200 | Vaults:5 | Identified the +3 ring mail "Elouh" {rF+ rCorr Str+2}
 59549 | Vaults:5 | Identified the +1 falchion of Conformity {freeze, Fly Str-5
                  | Dex+3 Stlth+}
 59722 | Vaults:5 | Identified the +1 robe of a Gauntlet {Will- Str+2 Archmagi}
 59901 | Vaults:5 | Got a silver rune of Zot
 60406 | Depths:1 | Entered Level 1 of the Depths
 60589 | Depths:1 | Found a gateway to Hell.
 60674 | Depths:1 | Found a one-way gate leading to the halls of Pandemonium.
 61033 | Depths:1 | Found a one-way gate to the infinite horrors of the Abyss.
 61048 | Depths:1 | Noticed a caustic shrike
 61050 | Depths:1 | Noticed a caustic shrike
 61051 | Depths:1 | Noticed a caustic shrike
 61054 | Depths:1 | Noticed a caustic shrike
 61054 | Depths:1 | Noticed a caustic shrike
 61059 | Depths:1 | Killed a caustic shrike
 61061 | Depths:1 | Killed a caustic shrike
 61067 | Depths:1 | Killed a caustic shrike
 61069 | Depths:1 | Killed a caustic shrike
 61073 | Depths:1 | Killed a caustic shrike
 61154 | Depths:1 | Found a one-way gateway to a ziggurat.
 61400 | Depths:2 | Noticed Vv
 61421 | Depths:2 | Killed Vv
 61422 | Depths:2 | Reached XP level 26. HP: 161/211 MP: 23/23
 62460 | Depths:2 | Noticed Bai Suzhen
 62471 | Depths:2 | Killed Bai Suzhen
 62584 | Depths:2 | Found an iron altar of Okawaru.
 62752 | Depths:3 | Found a runed translucent gate.
 62754 | Depths:3 | Found a runed translucent gate.
 62754 | Depths:3 | Found a runed translucent gate.
 62759 | Depths:3 | Noticed Drazool's ghost (veteran KoBr)
 63163 | Depths:3 | Found a broken altar of Ashenzari.
 63990 | Depths:4 | Entered Level 4 of the Depths
 64348 | Depths:4 | Found a blossoming altar of Fedhas.
 64386 | Depths:4 | Found an ancient bone altar of Kikubaaqudgha.
 64721 | Depths:4 | Found a gate to the Realm of Zot.
 65058 | Depths:3 | Bought a scroll of acquirement for 780 gold pieces
 65059 | Depths:3 | Acquired a manual of Evocations
 65062 | Depths:3 | Bought the +4 Cigotuvi's embrace {Corpsefed rMiasma Drain
                  | rN+} for 690 gold pieces
 65062 | Depths:3 | Found the +4 Cigotuvi's embrace {Corpsefed rMiasma Drain
                  | rN+}
 65494 | Slime:1  | Entered Level 1 of the Pits of Slime
 66013 | Slime:5  | Entered Level 5 of the Pits of Slime
 66219 | Slime:5  | Reached XP level 27. HP: 192/217 MP: 23/23
 66469 | Slime:5  | Noticed the Royal Jelly
 67036 | Slime:4  | Noticed Dissolution
 67043 | Slime:4  | Killed Dissolution
 67981 | Slime:5  | Acquired 283 gold pieces
 69105 | Slime:5  | Killed the Royal Jelly
 69858 | Slime:5  | Identified the +1 dagger "Fuxkiqasm" {freeze, rElec Will-
                  | Int+6}
 69868 | Slime:5  | Identified the +1 whip of Spite {flame, Str+4}
 69879 | Slime:5  | Got a slimy rune of Zot
 69883 | Slime:5  | Identified the +5 sling "Sewkiz" {elec, rCorr Int+2 SInv}
 69891 | Slime:5  | Identified the staff of Excruciating Pain {rN++ Will+ Conj}
 69917 | Slime:5  | Identified the +8 triple sword of Anluv {antimagic, rF+
                  | Dex+2}
 69930 | Slime:5  | Identified the ring of Wutrifiu {Will+ rCorr Str-2 Int+5}
 69945 | Slime:5  | Got the Secrets of the Valley of Death
 70494 | Crypt:1  | Entered Level 1 of the Crypt
 70795 | Crypt:1  | Identified the +1 scale mail "Aloatuob" {rN+ Str+3}
 71378 | Crypt:1  | Reached skill level 15 in Ranged Weapons
 72835 | Crypt:3  | Entered Level 3 of the Crypt
 73081 | Crypt:3  | Noticed a royal mummy
 73085 | Crypt:3  | Noticed Khufu
 73095 | Crypt:3  | Killed Khufu
 73110 | Crypt:3  | Killed a royal mummy
 73867 | Crypt:3  | Found a staircase to the Tomb.
 74113 | Crypt:3  | Found an ancient bone altar of Kikubaaqudgha.
 74326 | Crypt:3  | Noticed an ancient lich
 74329 | Crypt:3  | Killed an ancient lich
 74468 | Crypt:3  | Noticed Grunn
 74484 | Crypt:3  | Killed Grunn
 75684 | Depths:1 | Voluntarily entered the Abyss.
 75793 | Abyss:3  | Found a corrupted altar of Lugonu.
 75800 | Abyss:3  | Found a corrupted altar of Lugonu.
 75800 | Abyss:3  | Found a corrupted altar of Lugonu.
 75826 | Abyss:3  | Found a shimmering altar of Xom.
 75987 | Depths:1 | Escaped the Abyss
 76019 | Depths:1 | Voluntarily entered the Abyss.
 76038 | Abyss:3  | Found a corrupted altar of Lugonu.
 76074 | Abyss:3  | Found a corrupted altar of Lugonu.
 76238 | Abyss:3  | Found a corrupted altar of Lugonu.
 76238 | Abyss:3  | Found a corrupted altar of Lugonu.
 76320 | Abyss:3  | Got an abyssal rune of Zot
 76453 | Depths:1 | Escaped the Abyss
 76562 | Zot:1    | Entered Level 1 of the Realm of Zot
 77023 | Zot:1    | Reached skill level 27 in Stealth
 77883 | Zot:2    | Noticed a Killer Klown
 77916 | Zot:2    | Killed a Killer Klown
 78294 | Zot:2    | Noticed a dread lich
 78298 | Zot:2    | Killed a dread lich
 78944 | Zot:3    | You fall into a shaft and drop 1 floor!
 79402 | Zot:3    | Found a transporter.
 80030 | Zot:3    | Identified the ring "Roleng" {Ice Dex+2}
 80030 | Zot:3    | Noticed Josephina
 80043 | Zot:3    | Killed Josephina
 80047 | Zot:3    | Reached skill level 27 in Shields
 80126 | Zot:3    | Found a transporter.
 80171 | Zot:3    | Found a runed translucent gate.
 80171 | Zot:3    | Found a runed translucent gate.
 80171 | Zot:3    | Found a runed translucent gate.
 80171 | Zot:3    | Found an ancient bone altar of Kikubaaqudgha.
 80172 | Zot:3    | Noticed an ancient lich
 80172 | Zot:3    | Noticed snackwell's ghost (master DECj)
 80172 | Zot:3    | Noticed Feng's ghost (veteran OgBe)
 80173 | Zot:3    | Noticed a dread lich
 80173 | Zot:3    | Noticed a dread lich
 80955 | Zot:3    | Killed an ancient lich
 80967 | Zot:3    | Killed Feng's ghost
 80974 | Zot:3    | Killed a dread lich
 80992 | Zot:3    | Killed a dread lich
 81173 | Zot:3    | Killed snackwell's ghost
 81186 | Zot:3    | Identified the +2 pair of boots "Xusueduf" {Str+3 Dex+2
                  | SInv}
 81210 | Zot:3    | Identified the amulet of Miur {Faith Fragile rF+ Str+9}
 81475 | Zot:3    | Identified the ring of the Sparrow {Str+3 Int+6}
 81478 | Zot:3    | Identified the ring "Leamaric" {Ice *Slow Str+3 Stlth+}
 81487 | Zot:3    | Identified the amulet "Cuown" {Acrobat rPois Will+ rCorr
                  | Int+3}
 81534 | Zot:4    | Found the +4 dragonskin cloak
 81534 | Zot:4    | Noticed Tiamat
 81547 | Zot:4    | Killed Tiamat
 83392 | Zot:5    | Entered Level 5 of the Realm of Zot
 83404 | Zot:5    | Noticed a Killer Klown
 83406 | Zot:5    | Found a transporter.
 83406 | Zot:5    | Noticed logorrheac's ghost (legendary MiBe)
 83407 | Zot:5    | Noticed an orb of fire
 83451 | Zot:5    | Found a transporter.
 83590 | Zot:5    | Noticed a Killer Klown
 83600 | Zot:5    | Killed a Killer Klown
 84746 | Zot:5    | Noticed an orb of fire
 84749 | Zot:5    | Gained mutation: Potions are less effective at restoring
                  | your health. [an orb of fire]
 84763 | Zot:5    | Killed an orb of fire
 84956 | Zot:5    | Lost mutation: Potions are less effective at restoring your
                  | health. [potion of mutation]
 84956 | Zot:5    | Gained mutation: You have hidden genetic defects. [potion
                  | of mutation]
 84956 | Zot:5    | Gained mutation: Your flesh is cold resistant. (rC+)
                  | [potion of mutation]
 84956 | Zot:5    | Gained mutation: A frigid envelope surrounds you and
                  | freezes all who hurt you. [potion of mutation]
 84957 | Zot:5    | Lost mutation: Your flesh is cold resistant. (rC+) [potion
                  | of mutation]
 84957 | Zot:5    | Lost mutation: A frigid envelope surrounds you and freezes
                  | all who hurt you. [potion of mutation]
 84957 | Zot:5    | Gained mutation: Your muscles are strong. (Str +4, Int/Dex
                  | -1) [potion of mutation]
 84957 | Zot:5    | Gained mutation: Armour fits poorly on your strangely
                  | shaped body. [potion of mutation]
 84974 | Zot:5    | Lost mutation: You have hidden genetic defects. [potion of
                  | mutation]
 84974 | Zot:5    | Lost mutation: Armour fits poorly on your strangely shaped
                  | body. [potion of mutation]
 84974 | Zot:5    | Gained mutation: Armour fits poorly on your strangely
                  | shaped body. [potion of mutation]
 84974 | Zot:5    | Lost mutation: Armour fits poorly on your strangely shaped
                  | body. [potion of mutation]
 84974 | Zot:5    | Gained mutation: You are agile. (Dex +4, Str/Int -1)
                  | [potion of mutation]
 85084 | Zot:5    | Noticed an orb of fire
 85095 | Zot:5    | Killed an orb of fire
 85278 | Zot:5    | Noticed a Killer Klown
 85502 | Zot:5    | Noticed a Killer Klown
 85504 | Zot:5    | Noticed a dread lich
 85506 | Zot:5    | Noticed a Killer Klown
 85507 | Zot:5    | Noticed an orb of fire
 85508 | Zot:5    | Noticed a Killer Klown
 85511 | Zot:5    | Killed a Killer Klown
 85514 | Zot:5    | Killed a dread lich
 85514 | Zot:5    | Noticed a Killer Klown
 85514 | Zot:5    | Killed a Killer Klown
 85515 | Zot:5    | Noticed a Killer Klown
 85515 | Zot:5    | Noticed a Killer Klown
 85515 | Zot:5    | Noticed a Killer Klown
 85517 | Zot:5    | Noticed a dread lich
 85522 | Zot:5    | Killed a Killer Klown
 85523 | Zot:5    | Killed a Killer Klown
 85579 | Zot:5    | Killed a dread lich
 85589 | Zot:5    | Noticed a Killer Klown
 85590 | Zot:5    | Noticed a dread lich
 85594 | Zot:5    | Noticed an ancient lich
 85595 | Zot:5    | Killed a Killer Klown
 85604 | Zot:5    | Killed a dread lich
 85605 | Zot:5    | Killed a Killer Klown
 85619 | Zot:5    | Killed an ancient lich
 85785 | Zot:5    | Killed a Killer Klown
 85843 | Zot:5    | Killed a Killer Klown
 86005 | Zot:5    | Got the Orb of Zot
 86134 | Zot:3    | Noticed an ancient lich
 86268 | Zot:1    | Noticed Fiallel the pandemonium lord
 86415 | Depths:2 | Noticed Heot the pandemonium lord
 86493 | Depths:1 | Noticed Riyqav the pandemonium lord
 86493 | Depths:1 | Noticed an ancient lich
 86520 | Depths:1 | Killed Riyqav the pandemonium lord
 86527 | Depths:1 | Killed an ancient lich
 86539 | Depths:1 | Noticed Enkinic the pandemonium lord
 86839 | D:8      | Reached skill level 15 in Armour
 86934 | D:2      | Noticed Nurom the pandemonium lord
 86934 | D:2      | Noticed an ancient lich
 86956 | D:2      | Killed Nurom the pandemonium lord
 86970 | D:2      | Killed an ancient lich
 87084 | D:$      | Escaped with the Orb!

Illustrated notes

Levels and vault maps discovered:
D:1:      nzn_arrival_depleted_hourglass, layout_rooms,
          grunt_decor_mini_mirrors, chequers_mini_garden
D:2:      layout_basic, basic_altar
D:3:      mumra_celtic_spiral_tile, layout_basic, nzn_wu_jian_contemplation,
          nzn_hepliaklqana_mist_gate, portal_sewer_entry_e
D:4:      layout_cave_pools, kennysheep_mini_moat, gammafunk_ghost_icy,
          enter_ossuary_1, uniq_edmund
D:5:      layout_cave_pools, kennysheep_minor_cross, uniq_pikel, uniq_grinder
D:6:      layout_gridville, lemuel_tele_altar, minmay_temple_entry_mini_moons,
          roderic_serpentine_path, minmay_misc_feat_more_columns,
          nicolae_shop_dragon_depot
D:7:      layout_loops_cross, mainiacjoe_overflow_concentric_impassable,
          lemuel_crystal_altar, lemuel_crystal_altar,
          nicolae_tso_carved_into_rock, minmay_misc_feat_rows,
          nicolae_elevator_lobby_asterisk, uniq_prince_ribbit1
D:8:      layout_basic, chequers_temple_overflow_statue_of_worship,
          lemuel_doored_altar, jmf_multi_god_temple, nicolae_blasting_shop,
          grunt_ministairs_9, minmay_shop_grid_forest,
          nicolae_shop_overcharged_wands
D:9:      layout_roguey
D:10:     layout_cave_pods, hellmonk_lair_entry_icy, enter_bailey_4,
          grunt_ministairs_3, chequers_jeans, uniq_lodul
D:11:     layout_irregular_city, orc_0_dummy
D:12:     layout_basic, lemuel_flamethrower_2
D:13:     hangedman_what_comes_after_a, layout_cross, serial_shops,
          nicolae_take_the_stairs, portal_ice_cave_rime,
          small_statue_intersection
D:14:     layout_small_grid, david_vaults_4, nicolae_hexahallways,
          serial_rivers, chequers_serial_rivers_micro_a,
          chequers_serial_rivers_small_a, chequers_serial_rivers_small_b,
          chequers_serial_rivers_micro_a, chequers_serial_rivers_small_b,
          chequers_serial_rivers_marsh
D:15:     grunt_enter_depths_magical_seal, layout_long_grid, nrook_uturn,
          vehumet_crystals
Temple:   hellmonk_temple_two_chambers
Lair:1:   lemuel_reptile_caves, layout_gridlike, uniq_urug, uniq_erica
Lair:2:   cheibrodos_lair_river_kwai, layout_layer_cave,
          elwin_shoals_entry_rocks, basic_altar, bh_autumn_forest_stairs,
          lemuel_old_faithful
Lair:3:   layout_cave_pods, guppyfry_snake_entry_island,
          grunt_forest_small_clearings, beast_lair_carwin_8, uniq_kirke
Lair:4:   layout_cave_shapes
Lair:5:   grunt_lair_end_beastmaster, layout_small_grid,
          nicolae_slime_entry_slimehenge
Shoals:1: layout_shoals
Shoals:2: layout_shoals, uniq_frances
Shoals:3: layout_shoals, uniq_ilsuiw
Shoals:4: shoals_end_simple, layout_shoals
Snake:1:  layout_gridlike, gammafunk_ghost_necromancy, minmay_shop_grove
Snake:2:  layout_misc_corridors, nicolae_snake_snake_lake
Snake:3:  layout_honeycomb, nicolae_snake_slithery_hallway, grunt_megastairs_2
Snake:4:  johnstein_snake_rune_scales, layout_grid_maze, grunt_ministairs_14,
          nicolae_snake_snakes_in_the_grass, uniq_aizul
Slime:1:  layout_caves
Slime:2:  layout_caves
Slime:3:  layout_caves
Slime:4:  layout_caves, uniq_dissolution
Slime:5
Orc:1:    layout_caves, gammafunk_ghost_fury_of_okawaru, serial_shops, shop
Orc:2:    kennysheep_orc_mage_school, layout_caves
Elf:1:    minmay_shoctagon, layout_loops_ring, serial_shops, shop,
          minmay_elf_necromancy
Elf:2:    elven_hall_of_blades_hangedman_original
          [nicolae_blade_entry_pointy_end], layout_geoelf_diagonals,
          serial_shops, shop
Elf:3:    elf_hall, layout_geoelf_octagon, serial_shops,
          nicolae_shop_pleasant_corner_grove, minivault_16,
          nicolae_elf_stair_hall, nicolae_elf_double_double_double_trouble
Vaults:1: portal_desolation_entry_nicolae_slug, nicolae_vaults_what_the_h,
          nicolae_vaults_quartermaster, vaults_mumra_minichess_inversion,
          serial_ice_g, nicolae_vaults_hallways_thing, v_misc_18,
          ontoclasm_vaults_eye, nicolae_vaults_shelves_hall,
          nicolae_vaults_diagonal_hallway_7, vaults_room_fancy_cross,
          nicolae_vaults_alarming, vaults_dpeg_diagonal,
          ontoclasm_vaults_shuriken, vaults_room_grunt_arrival_ludios,
          layout_vaults_ring, serial_shops, shop
Vaults:2: vaults_room_semicircle, minmay_crypt_entry_simple_round,
          nicolae_vaults_turnstiles, hangedman_vaults_stagger, v_misc_10,
          ontoclasm_vaults_idyll, v_misc_28, grunt_vaults_focal,
          ontoclasm_vaults_gateway, v_misc_4, nicolae_vaults_sesquioval_fish,
          nicolae_vaults_swerve, vaults_room_pool,
          nicolae_vaults_big_angled_halls, nicolae_vaults_tetromino_Z_1,
          v_misc_14, layout_vaults_omnibox, serial_shops, nicolae_diamond_shop,
          uniq_margery, uniq_asterion, uniq_sojobo, uniq_jory
Vaults:3: ontoclasm_vaults_decontamination,
          nicolae_vaults_offset_grid_hallway_1,
          nicolae_vaults_doubleplus_tesselated, nicolae_vaults_little_ls,
          nicolae_vaults_trapezoid_1, v_alt_pattern_4,
          nicolae_vaults_tetromino_L_1, vaults_room_octagon,
          nicolae_vaults_trapezoid_layered, v_misc_23,
          nicolae_vaults_tetromino_Z_1, nicolae_vaults_little_squares_6,
          layout_vaults_big_cross, serial_shops, shop
Vaults:4: hangedman_vaults_slice, v_misc_17, nicolae_vaults_frosty_reception,
          nicolae_vaults_trapezoid_lopsided_3, vaults_mumra_lcd, v_misc_10,
          nicolae_vaults_closet_pinwheel_4, nicolae_vaults_double_plus_2,
          nicolae_vaults_six-pack, hangedman_vaults_maws,
          layout_vaults_quadrants
Vaults:5
Crypt:1:  layout_catacombs, st_stairs_9, minivault_14, weyrava_ghost_lake
Crypt:2:  layout_regular_city
Crypt:3:  evilmike_haunted_forest, uniq_grunn, uniq_khufu
Depths:1: layout_cave_shapes, enter_ziggurat_b, hangedman_decor_points,
          hell_entry, abyss_entry, rand_demon_pan_entry_5, minmay_misc_feat_chi,
          kennysheep_nub, kennysheep_small_circle
Depths:2: hangedman_cross_stitches, layout_small_grid, pan_entry, hell_entry,
          corexii_corridor_pit, kennysheep_okawaru_gauntlet, firewood_loft,
          infiniplex_staircase_river, grunt_megastairs_4, uniq_vv,
          uniq_bai_suzhen
Depths:3: minmay_the_grid_square_5x5_3x3 [minmay_the_grid_square_5x5_minimal,
          minmay_the_grid_square_5x5_meh,
          minmay_the_grid_square_5x5_eight_small,
          minmay_the_grid_square_5x5_corner,
          minmay_the_grid_square_5x5_megaprize_hollow,
          minmay_the_grid_square_5x5_eight,
          minmay_the_grid_square_5x5_two_walls_a,
          minmay_the_grid_square_5x5_pentomino_r,
          minmay_the_grid_square_5x5_checkered_statues], layout_gridlike,
          ashenzari_conservatory_becter, grunt_hell_entry_dis_mu,
          hangedman_abyss_entry_splay, gammafunk_ghost_ooze,
          minmay_staircase_windowed_large
Depths:4: grunt_twist_and_shout, layout_honeycomb, pf_hell_entry_tar_spiral,
          nicolae_kikubaaqudgha_miasma_corner, fedhas_altar_2
Zot:1:    layout_gridlike
Zot:2:    layout_onion_interference, lemuel_lich_library
Zot:3:    gammafunk_its_a_trap, layout_gridville, gammafunk_ghost_crypt,
          evilmike_ambush [evilmike_ambush_outer_basic,
          evilmike_ambush_inner_basic], uniq_josephina
Zot:4:    lemuel_halls_of_wrath, layout_twisted_circle, uniq_tiamat
Zot:5:    layout_cellular_growth, gammafunk_ghost_arena

Skill      XL: |  1  2  3  4  5  6  7  8  9 10 11 12 13 14 15 16 17 18 19 20 21 22 23 24 25 26 27 |
---------------+----------------------------------------------------------------------------------+-----
Polearms       | 3 4 6 8 10 12 14 16 18 19 20 21 22 23 24 | 24.0
Dodging        | 1 2 8 10 11 13 15 16 17 18 19 20 25 | 25.2
Stealth        | 3 5 10 14 15 16 18 20 21 22 23 24 27 | 27.0
Evocations     | 2 3 6 8 10 | 10.0
Armour         | 4 5 10 15 | 15.3
Fighting       | 6 9 10 12 16 17 18 | 18.0
Shields        | 8 10 15 20 21 22 23 27 | 27.0
Ranged Weapons | 6 9 11 12 14 18 | 18.0

Action                     |  1- 3 |  4- 6 |  7- 9 | 10-12 | 13-15 | 16-18 | 19-21 | 22-24 | 25-27 || total
---------------------------+-------+-------+-------+-------+-------+-------+-------+-------+-------++-------
  Melee: Trident           |   140 |   227 |   332 |  1085 |  1168 |    19 |       |       |       ||  2971
         Glaive            |       |       |       |       |   828 |  1820 |  1308 |   906 |  2502 ||  7364
         Bardiche          |       |       |       |       |       |       |    37 |       |       ||    37
   Fire: Arbalest          |       |       |       |       |       |       |       |    64 |   323 ||   387
 Invoke: Call Merchant     |       |       |       |     2 |       |     2 |     2 |     3 |     3 ||    12
         Bribe Branch      |       |       |       |       |       |       |       |       |     3 ||     3
Ability: Dig               |       |     2 |     3 |     3 |     7 |    13 |     7 |       |    18 ||    53
         Shaft Self        |       |       |       |       |       |       |       |       |     1 ||     1
  Evoke: Wand              |       |       |     2 |    12 |     2 |     7 |       |       |     8 ||    31
         Phial of floods   |       |       |       |       |     1 |     1 |       |       |       ||     2
         Lightning rod     |       |       |       |       |       |     4 |       |       |       ||     4
         Box of beasts     |       |       |       |       |       |     1 |     1 |       |     1 ||     3
         Phantom mirror    |       |       |       |       |       |     1 |     1 |       |     1 ||     3
         Condenser vane    |       |       |       |       |       |     1 |     1 |       |     1 ||     3
    Use: Scroll            |     4 |     2 |     6 |     7 |     5 |     1 |    11 |     4 |    10 ||    50
         Potion            |       |       |     2 |     5 |    10 |     6 |     4 |       |     9 ||    36
   Stab: Distracted        |       |       |       |     9 |    11 |    19 |    45 |    39 |   199 ||   322
         Invisible         |       |       |       |    21 |    11 |       |       |       |       ||    32
         Sleeping          |       |       |       |     5 |     9 |    20 |    23 |    74 |    99 ||   230
         Petrified         |       |       |       |       |    20 |       |       |       |     1 ||    21
 Armour: Scale mail        |    69 |    69 |   100 |   139 |    23 |       |       |       |       ||   400
         Skin              |       |       |       |     5 |       |       |       |       |       ||     5
         Pearl dragon scal |       |       |       |       |   231 |   185 |    80 |    75 |    85 ||   656
         Leather armour    |       |       |       |       |       |       |       |       |    92 ||    92
  Dodge: Dodged            |    63 |    89 |   110 |   639 |  1214 |   631 |   306 |   320 |   897 ||  4269
         Repelled          |       |       |       |       |       |       |       |       |    18 ||    18
  Block: Buckler           |    27 |    48 |    70 |   275 |   622 |    13 |       |       |       ||  1055
         Tower shield      |       |       |       |       |       |  1750 |  1053 |   735 |  1969 ||  5507
         Reflection        |       |       |       |       |       |   140 |   154 |    71 |    20 ||   385

Table legend: (Time is in decaauts)
 A = Elapsed time spent in this place.
 B = Non-inter-level travel time spent in this place.
 C = Inter-level travel time spent in this place.
 D = Time resting spent in this place.
 E = Time spent auto-exploring this place.
 F = Levels seen in this place.
 G = Mean time per level.
                   A        B        C        D        E       F      G
               +--------+--------+--------+--------+--------+-----+--------+
         Total |  85162 |  78741 |   6421 |  15784 |  37241 |  65 | 1310.2 |
       Dungeon |  15952 |  13426 |   2526 |    669 |   8351 |  15 | 1063.5 |
        Temple |     28 |     20 |      8 |      0 |     11 |   1 |   28.0 |
          Lair |   8011 |   6667 |   1344 |    516 |   3852 |   5 | 1602.2 |
        Shoals |   6207 |   6005 |    202 |   1319 |   2924 |   4 | 1551.8 |
     Snake Pit |  11172 |  10767 |    405 |   4281 |   3476 |   4 | 2793.0 |
    Slime Pits |   4633 |   4458 |    175 |   2828 |    321 |   5 |  926.6 |
  Orcish Mines |   2160 |   1888 |    272 |    269 |    755 |   2 | 1080.0 |
   Elven Halls |   4498 |   4339 |    159 |    642 |   2367 |   3 | 1499.3 |
        Vaults |   8088 |   7693 |    395 |    508 |   4969 |   5 | 1617.6 |
         Crypt |   4887 |   4699 |    188 |    624 |   2600 |   3 | 1629.0 |
        Depths |   5182 |   4694 |    488 |     49 |   3378 |   4 | 1295.5 |
           Zot |   9522 |   9268 |    254 |   3251 |   3672 |   5 | 1904.4 |
         Abyss |    920 |    920 |      0 |     77 |      6 |   4 |  230.0 |
         Sewer |    461 |    461 |      0 |    113 |     66 |   1 |  461.0 |
       Ossuary |    479 |    479 |      0 |     45 |    117 |   1 |  479.0 |
        Bailey |    337 |    337 |      0 |     11 |      0 |   1 |  337.0 |
      Ice Cave |    767 |    767 |      0 |      0 |     60 |   1 |  767.0 |
    Desolation |   1848 |   1848 |      0 |    579 |    313 |   1 | 1848.0 |
               +--------+--------+--------+--------+--------+-----+--------+

Top non-repeatable levels by time:
 Snake:3: 3771 daAuts
 Snake:4: 3594 daAuts
   Zot:3: 2758 daAuts
   Zot:5: 2677 daAuts
 Slime:5: 2628 daAuts
 Crypt:3: 2393 daAuts
 Snake:1: 2258 daAuts
Vaults:4: 2207 daAuts
Shoals:4: 1928 daAuts
Shoals:2: 1918 daAuts
  Lair:2: 1890 daAuts
Desolation: 1848 daAuts
   Elf:3: 1847 daAuts
  Lair:3: 1844 daAuts
    D:10: 1687 daAuts
